Map: Vigía EE

Players

MrFercho - Winner!

  • Race: Zerg Zerg
  • League: Silver
  • Spawn Location: 5:00

tigro - Winner!

  • Race: Terran Terran
  • League: Bronze
  • Spawn Location: 5:00

TATORREA - Winner!

  • Race: Protoss Protoss
  • League: Gold
  • Spawn Location: 6:00

CIS

  • Race: Protoss Protoss
  • Spawn Location: 9:00

DeathXmario

  • Race: Terran Terran
  • Spawn Location: 9:00

Bonybrood

  • Race: Protoss Protoss
  • Spawn Location: 12:00

VOD

Have the link to the VOD?

Description

Time

  • Played on: July 18, 2020, 8:10 p.m.
  • Length: 12:34
Show
View Real Time Build Order
Export as new Build Order

MrFercho Zerg - Winner!

Build Orders: Hatch First, Lurkers 

Get SALT Encoding   

  12  0:01  Drone  
  13  0:14  Overlord  
  13  0:16  Drone  
  14  0:32  Drone x2  
  16  0:50  Hatchery  
  16  0:53  Drone  
  16  0:58  Drone  
  17  1:09  Drone x2  
  19  1:13  Extractor  
  18  1:24  Spawning Pool  
  17  1:26  Drone  
  17  1:29  Drone  
  19  1:45  Drone  
  20  1:51  Drone  
  21  2:01  Drone  
  21  2:02  Drone  
  23  2:12  Drone  
  23  2:13  Drone  
  25  2:25  Drone x2  
  27  2:33  Hatchery  
  27  2:36  Metabolic Boost  
  26  2:39  Drone  
  26  2:40  Drone  
  28  2:46  Overlord x2  
  28  3:04  Queen x2  
  32  3:07  Drone x4  
  36  3:16  Drone  
  36  3:18  Drone  
  38  3:26  Baneling Nest  
  37  3:28  Evolution Chamber, Drone x2  
  38  3:41  Overlord x2  
  38  3:52  Overlord x2  
  38  3:53  Drone  
  39  4:00  Drone x2  
  39  4:01  Zerg Melee Weapons Level 1  
  41  4:05  Lair  
  41  4:11  Drone x4  
  41  4:13  Hatchery  
  44  4:20  Extractor  
  44  4:22  Extractor  
  42  4:34  Drone x8  
  50  4:47  Zergling x6  
  53  4:58  Extractor  
  52  5:08  Queen  
  52  5:11  Pneumatized Carapace  
  54  5:19  Centrifical Hooks  
  54  5:22  Zergling x2  
  54  5:23  Zergling x18  
  65  5:35  Drone  
  65  5:36  Drone x2  
  67  5:48  Nydus Network, Drone x9  
  75  6:01  Baneling x10  
  75  6:13  Drone x2  
  75  6:14  Hydralisk Den, Drone x2  
  75  6:16  Drone  
  79  6:20  Zerg Missile Weapons Level 1  
  79  6:24  Evolution Chamber  
  78  6:31  Drone x2  
  80  6:38  Zergling x12  
  80  6:39  Zergling x4  
  88  6:40  Overlord x6  
  88  6:41  Overlord x2  
  88  6:59  Zergling x2  
  88  7:00  Zergling x12  
  95  7:10  Extractor  
  95  7:12  Extractor  
  95  7:13  Drone x3  
  95  7:14  Drone x3  
  99  7:28  Hatchery  
  99  7:29  Baneling x4  
  98  7:30  Baneling x4  
  98  7:31  Hatchery  
  98  7:33  Hydralisk x12  
  121  7:37  Overlord  
  121  7:45  Infestation Pit  
  121  7:46  Hydralisk  
  121  7:47  Hydralisk  
  121  7:49  Zergling x8  
  128  7:59  Grooved Spines  
  128  8:10  Zerg Melee Weapons Level 2  
  128  8:22  Hive  
  128  8:31  Lurker Den  
  127  8:34  Zergling x2  
  127  8:35  Zergling x34  
  127  8:41  Overlord x2  
  145  8:57  Hydralisk x10  
  165  9:10  Muscular Augments  
  165  9:13  Nydus Canal  
  165  9:44  Adaptive Talons  
  165  9:47  Lurker x3  
  165  9:48  Lurker  
  143  10:26  Lurker x6  
  133  10:29  Zergling x32  
  133  10:30  Zergling x34  
  160  10:42  Seismic Spines  
  130  10:58  Hydralisk x12  
  130  11:03  Baneling x2  
Show
View Real Time Build Order
Export as new Build Order

tigro Terran - Winner!

Build Orders:  

Get SALT Encoding   

  12  0:03  SCV  
  13  0:15  SCV  
  14  0:27  SCV  
  15  0:29  Supply Depot  
  15  0:44  Refinery  
  15  0:51  SCV  
  16  1:00  Barracks  
  16  1:03  SCV  
  17  1:09  Refinery  
  17  1:15  SCV  
  18  1:27  SCV  
  18  1:29  Supply Depot  
  19  1:39  SCV  
  20  1:47  Marine  
  20  1:52  SCV  
  22  2:05  Marine  
  23  2:23  Marine, Factory  
  23  2:26  SCV  
  25  2:38  SCV  
  25  2:39  Engineering Bay  
  25  2:41  Marine  
  27  2:51  Orbital Command  
  27  2:58  Marine  
  28  3:15  Factory Tech Lab  
  28  3:17  Command Center  
  28  3:30  Starport  
  28  3:33  Barracks Tech Lab  
  28  3:37  Siege Tank  
  31  3:52  Terran Infantry Weapons Level 1  
  31  4:08  Starport  
  31  4:30  Combat Shield  
  31  4:38  Refinery  
  31  4:39  SCV  
  32  4:52  SCV  
  33  4:54  Starport Tech Lab  
  33  5:02  Starport Tech Lab  
  33  5:04  SCV  
  34  5:16  SCV  
  34  5:17  Refinery  
  35  5:28  SCV  
  36  5:29  Barracks  
  36  5:40  SCV  
  37  5:46  Terran Infantry Armor Level 1  
  37  5:52  SCV  
  38  6:04  SCV  
  39  6:15  Missile Turret  
  39  6:16  SCV  
  40  6:20  Supply Depot  
  40  6:28  SCV  
  41  6:38  Missile Turret  
  41  6:40  SCV  
  41  6:41  Barracks Reactor  
  41  6:44  Stimpack  
  42  6:54  Armory  
  42  6:58  Missile Turret  
  42  7:06  Marine  
  43  7:17  Supply Depot  
  43  7:20  SCV  
  44  7:23  Marine  
  44  7:24  Missile Turret  
  45  7:31  Marine x2  
  45  7:32  SCV  
  48  7:38  Medivac  
  48  7:40  Hi-Sec Auto Tracking  
  48  7:41  Marine  
  48  7:44  Fusion Core  
  51  7:45  Terran Vehicle Weapons Level 1, SCV  
  51  7:49  Marine x2  
  54  7:57  SCV  
  55  7:59  Marine  
  55  8:00  Missile Turret  
  56  8:07  Marine  
  56  8:09  SCV  
  58  8:15  Marine  
  58  8:17  Marine  
  60  8:23  Missile Turret  
  60  8:25  Marine  
  61  8:33  Marine  
  62  8:35  Marine  
  62  8:37  Neosteel Armor  
  63  8:42  Marine  
  64  8:51  Marine  
  64  8:52  Marine  
  66  9:00  Marine  
  67  9:08  Marine  
  68  9:10  Marine  
  69  9:18  Marine  
  70  9:26  Marine  
  70  9:28  Marine  
  72  9:36  Marine  
  59  9:39  Terran Vehicle And Ship Armor Level 1  
  59  9:44  Marine  
  56  9:46  Medivac x2, Marine  
  61  9:54  Marine  
  61  9:58  Weapon Refit  
  62  10:02  Marine  
  62  10:04  Marine  
  64  10:12  Marine  
  65  10:16  Battlecruiser x2  
  65  10:17  Terran Infantry Weapons Level 2  
  65  10:20  Marine  
  78  10:21  Marine  
  79  10:29  Marine  
  80  10:38  Marine  
  80  10:39  Marine  
  82  10:43  Command Center  
  82  10:47  Marine  
  83  10:55  Marine  
  84  10:57  Marine  
  80  11:05  Marine  
  71  11:13  Marine  
  71  11:15  Marine  
  66  11:23  Marine  
  67  11:31  Marine  
  68  11:33  Marine  
  69  11:51  Marine  
  82  12:15  Marine  
Show
View Real Time Build Order
Export as new Build Order

TATORREA Protoss - Winner!

Build Orders: 1 Gate Expand, Carriers 

Get SALT Encoding   

  12  0:01  Probe  
  13  0:13  Probe  
  14  0:22  Pylon  
  14  0:32  Probe  
  15  0:42  Probe  
  16  0:50  Gateway, Probe  
  17  0:58  Probe  
  17  0:59  Assimilator  
  18  1:08  Pylon  
  18  1:10  Probe  
  19  1:23  Probe  
  20  1:35  Probe  
  21  1:40  Nexus  
  21  1:49  Pylon  
  21  1:52  Probe  
  22  2:04  Probe  
  22  2:07  Cybernetics Core  
  23  2:13  Probe  
  23  2:18  Assimilator  
  23  2:21  Probe  
  25  2:30  Probe  
  26  2:42  Probe  
  27  2:53  Probe, Stargate  
  27  2:54  Probe  
  27  2:56  Warp Gate  
  29  3:05  Probe  
  30  3:11  Probe  
  31  3:13  Stalker  
  31  3:19  Probe  
  34  3:23  Probe  
  35  3:30  Pylon  
  35  3:39  Probe  
  35  3:40  Probe  
  37  3:51  Probe x2  
  37  3:52  Nexus  
  37  3:53  Pylon  
  37  3:55  Sentry  
  41  3:57  Pylon  
  41  3:59  Probe x2  
  41  4:08  Probe  
  41  4:09  Probe  
  43  4:13  Fleet Beacon  
  45  4:21  Stalker  
  47  4:27  Assimilator  
  47  4:29  Pylon  
  47  4:32  Assimilator  
  47  4:33  Pylon  
  47  4:37  Probe  
  47  4:38  Probe  
  49  4:49  Probe  
  50  5:00  Probe  
  50  5:02  Probe  
  52  5:10  Probe  
  52  5:12  Probe  
  52  5:14  Probe  
  55  5:17  Phoenix  
  57  5:22  Probe  
  58  5:30  Stalker  
  58  5:31  Protoss Air Weapons Level 1, Probe x2  
  58  5:34  Probe  
  63  5:50  Assimilator, Probe x2  
  63  5:51  Probe  
  63  5:52  Assimilator, Stargate  
  63  5:54  Stargate  
  66  6:10  Nexus  
  66  6:11  Pylon  
  66  6:14  Pylon  
  66  6:16  Probe x3  
  69  6:24  Gateway  
  69  6:26  Gateway  
  69  6:28  Probe x3  
  69  6:29  Gateway  
  69  6:32  Carrier  
  78  6:40  Probe x2  
  78  6:41  Probe  
  81  6:52  Probe x2  
  81  6:53  Tempest, Probe  
  89  6:54  Twilight Council  
  89  6:55  Carrier  
  89  6:59  Forge x2  
  89  7:01  Forge  
  95  7:03  Cybernetics Core  
  95  7:04  Probe  
  95  7:05  Probe x2  
  98  7:19  Protoss Air Armor Level 1  
  98  7:20  Assimilator  
  98  7:25  Assimilator  
  98  7:36  Tempest, Carrier  
  109  7:38  Protoss Air Weapons Level 2  
  109  7:47  Charge  
  109  7:59  Carrier  
  115  8:21  Protoss Ground Armor Level 1, Protoss Ground Weapons Level 1  
  115  8:24  Carrier  
  121  8:40  Tempest  
  126  9:03  Tempest  
  131  9:23  Carrier, Pylon, Nexus  
  129  9:25  Pylon x2  
  129  9:26  Pylon  
  129  9:28  Tempest  
  129  9:31  Pylon  
  134  9:46  Carrier  
  140  10:11  Tempest  
  145  10:28  Carrier  
  151  10:36  Assimilator  
  151  10:40  Assimilator  
  151  10:50  Tempest  
  151  10:54  Tempest  
  167  11:33  Tempest  
Show
View Real Time Build Order
Export as new Build Order

CIS Protoss 

Build Orders:  

Get SALT Encoding   

  12  0:02  Probe  
  13  0:15  Pylon  
  13  0:27  Probe  
  14  0:39  Probe  
  14  0:40  Gateway  
  15  0:51  Probe  
  15  0:54  Pylon  
  16  1:01  Assimilator  
  16  1:07  Assimilator  
  16  1:18  Probe  
  17  1:36  Cybernetics Core  
  17  1:43  Forge  
  17  1:46  Zealot  
  19  2:13  Zealot  
  21  2:19  Probe  
  22  2:31  Probe  
  23  2:43  Probe  
  24  2:47  Warp Gate  
  24  2:55  Probe  
  25  3:07  Probe  
  26  3:38  Stalker  
  28  3:46  Probe  
  29  4:04  Photon Cannon  
  29  4:08  Stalker  
  31  4:16  Gateway  
  31  4:27  Pylon  
  33  4:46  Gateway  
  33  4:57  Gateway  
  31  5:26  Shield Battery  
  31  5:42  Gateway  
  31  5:52  Pylon  
  31  6:17  Shield Battery  
  31  6:48  Stalker  
  31  6:49  Stalker  
  31  6:50  Stalker x2  
  31  6:51  Stalker  
  41  7:16  Stalker x2  
  41  7:17  Stalker  
  47  7:32  Pylon  
  47  7:44  Pylon  
  47  7:59  Robotics Facility  
  47  8:09  Stalker  
  47  8:10  Stalker  
  47  8:11  Stalker x2  
  47  8:12  Stalker  
  57  8:25  Twilight Council  
  23  10:49  Pylon  
  16  11:08  Cybernetics Core  
Show
View Real Time Build Order
Export as new Build Order

DeathXmario Terran 

Build Orders:  

Get SALT Encoding   

  12  0:06  SCV  
  13  0:15  Refinery  
  13  0:27  Supply Depot  
  13  0:32  SCV  
  14  0:44  Refinery, SCV  
  15  0:55  Supply Depot  
  15  0:56  SCV  
  16  1:25  Engineering Bay  
  16  1:31  Supply Depot  
  16  1:32  SCV  
  17  1:44  SCV  
  18  1:50  Barracks  
  18  1:56  SCV  
  19  2:09  SCV  
  19  2:10  Supply Depot  
  20  2:21  Sensor Tower  
  21  2:22  SCV  
  21  2:34  SCV  
  22  2:38  Supply Depot  
  22  2:43  Marine  
  23  2:47  SCV  
  24  2:59  SCV  
  24  3:01  Marine  
  26  3:07  Sensor Tower  
  26  3:19  Supply Depot, Marine  
  27  3:21  SCV  
  28  3:33  SCV  
  29  3:45  SCV  
  30  3:55  Bunker  
  30  3:57  Barracks Reactor, SCV  
  31  4:05  Barracks  
  32  4:10  SCV  
  32  4:18  Refinery  
  32  4:34  Bunker  
  32  4:38  Marine x2  
  32  4:45  Planetary Fortress  
  34  4:56  Marine x2  
  36  5:11  Missile Turret  
  36  5:14  Marine x2  
  36  5:15  Missile Turret  
  38  5:25  Barracks Tech Lab  
  38  5:32  Marine x2  
  40  5:41  Engineering Bay  
  40  5:49  Marine x2  
  40  5:54  Marauder  
  44  6:07  Marine x2  
  46  6:15  Marauder  
  46  6:16  Factory  
  48  6:24  Terran Infantry Weapons Level 1  
  48  6:25  Marine x2  
  48  6:28  Ghost Academy  
  50  6:37  Marauder  
  52  6:43  Marine x2  
  54  6:58  Reaper  
  54  7:01  Marine x2  
  57  7:06  Neosteel Armor  
  57  7:17  Bunker  
  57  7:18  Marine x2  
  59  7:30  Reaper  
  60  8:01  Ghost  
  60  8:02  Sensor Tower  
  62  8:06  Sensor Tower  
  62  8:18  Terran Infantry Armor Level 1  
  62  8:28  Personal Cloaking  
  62  8:58  Supply Depot  
  62  9:12  Supply Depot  
  62  9:19  Ghost  
  62  9:21  Hellion  
  63  9:42  Widow Mine  
  63  9:48  Reaper  
  60  9:54  Enhanced Shockwaves  
  56  10:04  Widow Mine  
  36  10:25  Hellion  
  17  11:01  Command Center  
Show
View Real Time Build Order
Export as new Build Order

Bonybrood Protoss 

Build Orders:  

Get SALT Encoding   

  12  0:13  Pylon  
  12  0:16  Probe  
  13  0:29  Probe  
  14  0:41  Probe  
  15  0:46  Gateway  
  15  0:53  Probe  
  16  1:00  Assimilator  
  16  1:05  Probe  
  17  1:17  Probe  
  18  1:29  Probe  
  19  1:39  Cybernetics Core  
  19  1:41  Probe, Zealot  
  22  1:53  Probe  
  23  1:56  Pylon  
  23  2:14  Zealot  
  25  2:19  Pylon  
  25  2:41  Zealot  
  25  2:44  Twilight Council  
  27  3:04  Twilight Council  
  27  3:08  Zealot  
  29  3:35  Zealot  
  31  3:49  Warp Gate  
  31  4:02  Dark Shrine, Zealot  
  33  4:15  Pylon  
  33  4:29  Zealot  
  35  4:32  Assimilator  
  35  5:47  Gateway  
  35  5:54  Dark Templar  
  37  6:44  Stargate  
  37  7:05  Dark Templar  
  39  7:09  Dark Templar  
  41  7:21  Probe  
  42  7:33  Probe  
  43  7:37  Gateway  
  43  7:40  Gateway  
  43  7:45  Probe  
  43  7:46  Gateway  
  44  7:52  Gateway  
  44  7:57  Probe  
  45  8:09  Probe  
  45  8:11  Shadow Stride, Pylon  
  46  8:48  Pylon  
  46  8:51  Pylon  
  46  9:05  Stalker  
  46  9:08  Sentry  
  50  9:16  Sentry  
  52  9:22  Stalker  
  54  9:24  Stalker  
  54  9:31  Phoenix  
  58  9:56  Phoenix  
  60  10:21  Phoenix  
  38  11:02  Dark Templar  
  40  11:06  Dark Templar  
  42  11:13  Dark Templar  
  44  11:26  Probe  
  43  11:38  Probe  
  41  11:50  Probe  
  39  12:02  Probe  
Tags
 
Add a new tag
Caveats
  • Supply blocks, unpowered buildings, or Contaminate may cause inaccurate times.
  • Supply counts are checked every 10 seconds.